 Dungeon Crawl Stone Soup version 0.27-a0-911-gfacc31910f (webtiles) character file.

Game seed: 721284654865939777

39 Electrofox the Magician (level 3, -2/25 HPs)
             Began as a Djinni Ice Elementalist on Apr 9, 2021.
             Slain by a centaur (4 damage)
             ... on level 2 of the Dungeon.
             The game lasted 00:06:39 (2685 turns).

Electrofox the Magician (Djinni Ice Elementalist)   Turns: 2685, Time: 00:06:39

Health: -2/25      AC:  4    Str:  8    XL:     3   Next: 47%
Gold:   75         EV: 12    Int: 16    God:
                   SH:  0    Dex: 13

rFire    + + +     SeeInvis .   m - +0 short sword
rCold    x . .     Faith    .   (no shield)
rNeg     . . .     Spirit   .   a - +0 robe
rPois    ∞         Reflect  .   g - +1 helmet
rElec    .         Harm     .   (no cloak)
rCorr    .         Rampage  .   (no gloves)
Will     .....                  (boots unavailable)
Stlth    ++........             (no amulet)
HPRegen  0.08/turn              i - ring of protection from fire
MPRegen  0.00/turn              (no ring)

@: flying, very slightly contaminated
A: fire resistance 2, cold vulnerability 1, float, innate caster, hp casting,
extra vitality 1
a: no special abilities


You were on level 2 of the Dungeon.
You visited 1 branch of the dungeon, and saw 3 of its levels.

You collected 75 gold pieces.

Inventory:

Hand Weapons
 h - a +0 dagger
 m - a +0 short sword (weapon)
Missiles
 e - 12 stones (quivered)
Armour
 a - a +0 robe (worn)
 g - a +1 helmet (worn)
Jewellery
 i - a ring of protection from fire (left hand)
 j - a ring of flight
Scrolls
 c - 2 scrolls of teleportation {unknown}
 d - 3 scrolls of identify {unknown}
 l - a scroll of vulnerability {unknown}
Potions
 b - a potion of haste
 f - a potion of curing {unknown}
 k - 2 potions of degeneration {unknown}


   Skills:
 - Level 2.1 Dodging
 - Level 1.5 Stealth
 + Level 4.5 Spellcasting


You couldn't memorise any spells.
You knew the following spells:

 Your Spells              Type           Power      Damage    Failure   Level
a - Freeze                Ice            72%        1d9       2%          1
b - Frozen Ramparts       Ice            36%        1d5       8%          3
c - Ozocubu's Armour      Ice            18%        N/A       8%          3
d - Hailstorm             Conj/Ice       18%        3d6       24%         4
e - Summon Ice Beast      Ice/Summ       18%        N/A       24%         4
f - Summon Small Mammal   Summ           72%        N/A       2%          1
Your spell library was empty.

Dungeon Overview and Level Annotations

Branches:
Dungeon (3/15)

Altars:

Shops:
D:1 ?


Innate Abilities, Weirdness & Mutations

You are immune to poison.
Your flesh is very heat resistant. (rF++)
You are vulnerable to cold. (rC-)
You float through the air rather than walking.
You learn spells naturally, not from books.
Your magical power is your life essence.
You have superior vitality. (+4 HP)


Message History

You freeze the kobold!
You kill the kobold!
You see here a +0 short sword.
m - a +0 short sword (weapon)
There is a stone staircase leading up here.
You fly upwards.
There is a stone staircase leading down here.
HP restored.
There is an open door here.
There is an open door here.
You reach down and open the door.
There is an open door here.
There is an open door here.
Done exploring.
The centaur shouts!
The centaur wields a +0 shortbow.
The centaur shoots an arrow.
The arrow hits you!
The centaur drinks a potion.
The centaur seems to speed up.
The centaur unwields a +0 shortbow.
The centaur hits you. The centaur kicks you. The centaur closely misses you. x2
Casting: Freeze (safe; 2% risk of failure)
Confirm with . or Enter, or press ? or * to list all spells.
The spell is quite dangerous to cast (8% risk of failure)!
Continue anyway?
Casting: Frozen Ramparts (quite dangerous; 8% risk of failure)
Press: ? - help, Dir - look around, f - activate You miscast Frozen Ramparts.
You are very lightly contaminated with residual magic.
Nothing appears to happen.
* * * LOW HITPOINT WARNING * * *
The centaur hits you but does no damage.
The centaur kicks you but does no damage.
The centaur hits you.
* * * LOW HITPOINT WARNING * * *
The centaur kicks you.
* * * LOW HITPOINT WARNING * * *
You closely miss the centaur. The centaur barely misses you.
The centaur kicks you but does no damage.
The centaur completely misses you.
The centaur kicks you but does no damage.
The centaur hits you.
You die...

.# #..........# #.# #.# .#
#.#####.###########.#######.#
.#
#.#.........................#
.#
#.#.###.............#########
.#
#.#.#...........#########....
.#
#.#.#....####.............###
.# #.#......# #.#.###########
.# #...#########c#.#
.######.# #....@.#.#
........# #........#
.######## #.######.# ## ###
###


You could see a centaur (fast).

Vanquished Creatures
  An adder (D:2)
  An orc (D:3)
  5 endoplasms
  3 giant cockroaches
  A goblin (D:2)
  2 hobgoblins
  2 kobolds
  A quokka (D:2)
  4 ball pythons (D:2)
  A bat (D:2)
  A frilled lizard (D:1)
  2 rats (D:1)
24 creatures vanquished.

Vanquished Creatures (collateral kills)
  An endoplasm (D:2)
  A rat (D:2)
2 creatures vanquished.

Vanquished Creatures (others)
  A plant (D:3)
1 creature vanquished.

Grand Total: 27 creatures vanquished

Notes
Turn   | Place    | Note
-------+----------+-------------------------------------------
     0 | D:1      | Electrofox the Djinni Ice Elementalist began the quest for
                  | the Orb.
     0 | D:1      | Reached XP level 1. HP: 15/15 MP: 0/0
     5 | D:1      | Found Ownos's Magic Scroll Shop.
  1024 | D:2      | Reached XP level 2. HP: 19/21 MP: 0/0
  1093 | D:2      | Noticed a centaur
  1112 | D:2      | Reached skill level 4 in Spellcasting
  1869 | D:2      | Reached XP level 3. HP: 17/25 MP: 0/0
  1869 | D:2      | Learned a level 1 spell: Summon Small Mammal
  2685 | D:2      | Slain by a centaur

Illustrated notes

Levels and vault maps discovered:
D:1:      sevenhm_arrival_forest_fort_small_6, layout_loops_corners,
          serial_shops, nicolae_shop_stone
D:2:      layout_basic
D:3:      layout_rooms, nicolae_overflow_hidden_temple, serial_bayou_lake_a

Skill      XL: |  1  2 |
---------------+-------+-----
Spellcasting   | 4 |  4.5
Dodging        | |  2.1
Stealth        | |  1.5

Action                   || total
-------------------------++-------
Melee: Dagger            ||    24
       Unarmed           ||     3
       Short sword       ||     1
Throw: Stone             ||    10
 Cast: Freeze            ||    32
       Summon Small Mamm ||     1
 Stab: Distracted        ||     1
       Sleeping          ||     1
Armor: Robe              ||    13
Dodge: Dodged            ||    26

Table legend: (Time is in decaauts)
 A = Elapsed time spent in this place.
 B = Non-inter-level travel time spent in this place.
 C = Inter-level travel time spent in this place.
 D = Time resting spent in this place.
 E = Time spent auto-exploring this place.
 F = Levels seen in this place.
 G = Mean time per level.
                   A        B        C        D        E       F      G
               +--------+--------+--------+--------+--------+-----+--------+
         Total |   2684 |   2609 |     75 |      0 |   2206 |   3 |  894.7 |
       Dungeon |   2684 |   2609 |     75 |      0 |   2206 |   3 |  894.7 |
               +--------+--------+--------+--------+--------+-----+--------+

Top non-repeatable levels by time:
     D:2: 1702 daAuts
     D:1: 966 daAuts
     D:3: 16 daAuts
